 Dungeon Sprint DCSS version 0.31-a0-844-gdc52ec4e09 (webtiles) character file.

Game seed: 8827202186371085283

3519 sircluck the Grappler (level 9, -4/159 HPs)
             Began as a Troll Berserker on Sept 29, 2023.
             Was the Champion of Trog.
             Succumbed to a red devil's poison
             ... in the Dungeon (Sprint VII: "The Pits").
             The game lasted 00:02:45 (729 turns).

sircluck the Grappler (Troll Berserker)              Turns: 729, Time: 00:02:46

Health: -4/159     AC:  4    Str: 34    XL:     9   Next: 81%
Magic:  8/8        EV: 16    Int:  3    God:    Trog [******]
Gold:   0          SH:  0    Dex:  9    Spells: 8/8 levels left

rFire   . .          .
                       - Unarmed
rCold   . . .        (no shield)
rNeg    . . .        a - +0 animal skin
rPois   .            (helmet restricted)
rElec   .            (no cloak)
rCorr   .            (gloves unavailable)
SInv    .            (boots unavailable)
Will    .....        (no amulet) Stlth
                     k - +3 ring of strength
HPRegen 1.26/turn    l - +3 ring of evasion
MPRegen 0.11/turn

%: no teleportation
@: berserking (expiring), lethally poisoned (-4 -> -28), spiked, very quick
A: large, unfitting armour, claws 3, regeneration 1, shaggy fur 1, tough skin 1
a: Renounce Religion, Berserk, Trog's Hand, Brothers in Arms


You were in the Dungeon.
You worshipped Trog.
Trog was exalted by your worship.
You visited 1 branch

Inventory:

Armour
 a - a +0 animal skin (worn)
Jewellery
 k - a +3 ring of strength (left claw)
 l - a +3 ring of evasion (right claw)
Scrolls
 g - a scroll of blinking
 i - 2 scrolls of vulnerability
 j - a scroll of summoning
Potions
 b - 7 potions of curing
 c - 10 potions of heal wounds
 d - 3 potions of haste
 e - 4 potions of magic
 f - 2 potions of berserk rage
 h - 2 potions of invisibility
 m - 2 potions of mutation
 n - a potion of resistance


   Skills:
 + Level 11.6 Fighting
 + Level 11.5 Dodging
 + Level 13.5 Unarmed Combat


You had 8 spell levels left.
You didn't know any spells.
Your spell library was empty.

Dungeon Overview and Level Annotations

Branches:
Dungeon (1/1)

Altars:
Ashenzari
Cheibriados
Dithmenos
Elyvilon
Fedhas
Gozag
Hepliaklqana
Kikubaaqudgha
Makhleb
Nemelex Xobeh
Okawaru
Qazlal
Ru
Sif Muna
Trog
Uskayaw
Vehumet
Wu Jian
Xom
Yredelemnul
Zin
The Shining One
Jiyva
Lugonu


Innate Abilities, Weirdness & Mutations

You are too large for most types of armour.
You have claws for hands.
Your natural rate of healing is unusually fast.
You are covered in fur. (AC +1)
You have tough skin. (AC +1)


Message History

The spriggan misses you.
You miss the red devil.
The red devil is severely wounded.
You feel very sick. The red devil barely misses you.
You barely miss the red devil. Your claw misses the red devil.
The red devil is severely wounded.
You feel very sick.
The spriggan hits you with a +2 rapier of venom!
* * * LOW HITPOINT WARNING * * *
You scratch the red devil.
The red devil is severely wounded.
You feel very sick.
The red devil hits you with a +1 demon trident of venom!
* * * LOW HITPOINT WARNING * * *
Barbed spikes become lodged in your body.
You are lethally poisoned!
You mangle the red devil!!
You kill the red devil!
Trog accepts your kill.
* * * LOW HITPOINT WARNING * * *
You feel very sick.
The spriggan hits you with a +2 rapier of venom!
* * * LOW HITPOINT WARNING * * *
Unknown command.
Unknown command.
You claw the spriggan!
The spriggan is moderately wounded.
* * * LOW HITPOINT WARNING * * *
You feel very sick.
Okay, then.
You mangle the spriggan!!
You feel the power of Trog in you as your rage grows.
You kill the spriggan!
Trog accepts your kill. Trog grants you a weapon!
Something appears at your feet!
You see here a +4 heavy great sword.
* * * LOW HITPOINT WARNING * * *
You feel very sick.
You die...

#))#####'#####''######
#))##.......##''#####
#))##.......##......#
#..##.......##....###
#'###...<...##...##.+
...##.......##..##..#
...##.......##..#..#
#####.......##..#).#
#.. ##########..@..+
#.############..#).#
#.#....#..[[##..#..#
#)#....#..[[##..##..#
#)†....'..))##...##.+
#'#....#..))##....###
'.#....#..))##......#
#####################


There were no monsters in sight!

Vanquished Creatures
  A boulder beetle (D)
  A shadow wraith (D)
  A freezing wraith (D)
  An ice devil (D)
  A red devil (D)
  Grinder (D)
  A tarantella (D)
  4 blink frogs (D)
  A spriggan (D)
  A fire bat (D)
  2 scorpions (D)
  A crimson imp (D)
  A hound (D)
  2 gnolls (D)
  2 ufetubi (D)
  An orc (D)
  An endoplasm (D)
  2 giant cockroaches (D)
  A hobgoblin (D)
  A jackal (D)
  A quokka (D)
  2 ball pythons (D)
  2 bats (D)
  A goblin (D)
  A jackal zombie (D)
34 creatures vanquished.

Notes
Turn   | Place    | Note
-------+----------+-------------------------------------------
     0 | D        | sircluck the Troll Berserker began the quest for the Orb.
     0 | D        | Reached XP level 1. HP: 22/22 MP: 0/0
   113 | D        | Found a bloodstained altar of Trog.
   113 | D        | Found a shimmering blue altar of Sif Muna.
   113 | D        | Found a viscous altar of Jiyva.
   113 | D        | Found a hazy altar of Hepliaklqana.
   113 | D        | Found an opulent altar of Gozag.
   114 | D        | Found a glowing golden altar of the Shining One.
   114 | D        | Found a glowing silver altar of Zin.
   114 | D        | Found a basalt altar of Yredelemnul.
   114 | D        | Found a shimmering altar of Xom.
   114 | D        | Found an ornate altar of the Wu Jian Council.
   114 | D        | Found a sacrificial altar of Ru.
   114 | D        | Found a stormy altar of Qazlal.
   114 | D        | Found an iron altar of Okawaru.
   114 | D        | Found a sparkling altar of Nemelex Xobeh.
   114 | D        | Found a burning altar of Makhleb.
   114 | D        | Found a blossoming altar of Fedhas.
   114 | D        | Found a white marble altar of Elyvilon.
   114 | D        | Found a shadowy altar of Dithmenos.
   114 | D        | Found a snail-covered altar of Cheibriados.
   118 | D        | Found a corrupted altar of Lugonu.
   118 | D        | Found a radiant altar of Vehumet.
   119 | D        | Found a broken altar of Ashenzari.
   119 | D        | Found an ancient bone altar of Kikubaaqudgha.
   119 | D        | Found a hide-covered altar of Uskayaw.
   152 | D        | Reached ** piety under Trog
   159 | D        | Noticed a scorpion
   168 | D        | Killed a scorpion
   169 | D        | Reached skill level 5 in Unarmed Combat
   169 | D        | Reached XP level 2. HP: 9/33 MP: 1/1
   169 | D        | Reached XP level 3. HP: 10/40 MP: 2/2
   210 | D        | Reached *** piety under Trog
   216 | D        | Reached XP level 4. HP: 46/49 MP: 3/3
   261 | D        | Noticed a scorpion
   273 | D        | Killed a scorpion
   273 | D        | Reached **** piety under Trog
   274 | D        | Reached skill level 5 in Fighting
   274 | D        | Reached skill level 5 in Dodging
   274 | D        | Reached skill level 6 in Unarmed Combat
   291 | D        | Noticed a fire bat
   298 | D        | Killed a fire bat
   299 | D        | Reached skill level 7 in Unarmed Combat
   299 | D        | Reached XP level 5. HP: 24/61 MP: 4/4
   299 | D        | Reached XP level 6. HP: 26/68 MP: 5/5
   351 | D        | Reached skill level 8 in Unarmed Combat
   369 | D        | Noticed Grinder
   379 | D        | Killed Grinder
   379 | D        | Reached ***** piety under Trog
   380 | D        | Reached skill level 9 in Unarmed Combat
   380 | D        | Reached XP level 7. HP: 77/79 MP: 6/6
   380 | D        | Noticed a tarantella
   393 | D        | Killed a tarantella
   394 | D        | Reached skill level 10 in Unarmed Combat
   450 | D        | Received a gift from Trog
   452 | D        | Noticed a freezing wraith
   452 | D        | Noticed a boulder beetle
   460 | D        | Killed a boulder beetle
   461 | D        | Reached skill level 11 in Unarmed Combat
   461 | D        | Reached XP level 8. HP: 92/92 MP: 7/7
   463 | D        | Killed a freezing wraith
   464 | D        | Reached skill level 10 in Fighting
   551 | D        | Noticed an ice devil
   560 | D        | Killed an ice devil
   561 | D        | Reached skill level 10 in Dodging
   599 | D        | Noticed a blink frog
   600 | D        | Noticed a blink frog
   600 | D        | Noticed a blink frog
   601 | D        | Noticed a blink frog
   603 | D        | Killed a blink frog
   604 | D        | Reached skill level 12 in Unarmed Combat
   604 | D        | Reached XP level 9. HP: 102/102 MP: 8/8
   611 | D        | Killed a shadow wraith
   613 | D        | Reached skill level 13 in Unarmed Combat
   621 | D        | HP: 4/105 [blink frog (7)]
   637 | D        | HP: 2/105 [blink frog (7)]
   661 | D        | Reached ****** piety under Trog
   715 | D        | Noticed a red devil
   726 | D        | Killed a red devil
   727 | D        | HP: 3/157 [poisoned by a red devil]
   728 | D        | Received a gift from Trog
   728 | D        | HP: 1/157 [poisoned by a red devil]
   729 | D        | Succumbed to a red devil's poison

Illustrated notes

Levels and vault maps discovered:
D:        pitsprint [storerooms_1, entrance_room_1, metal_vault_6, armoury_2,
          mini_pit_1, grid_room_1, main_hall_1, silver_pit, the_coven_1,
          the_vestibule_1, steel_vault_3, golden_pit, hallway_of_sentries,
          crystal_vault_1, iron_vault_3, final_vault]

Skill      XL: |  1  2  3  4  5  6  7  8  9 |
---------------+----------------------------+-----
Fighting       | 4 6 7 9 10 11 | 11.6
Dodging        | 4 6 7 9 10 11 | 11.5
Unarmed Combat | 5 7 9 11 12 13 | 13.5

Action                     |  1- 3 |  4- 6 |  7- 9 || total
---------------------------+-------+-------+-------++-------
  Melee: Unarmed           |    26 |    33 |    75 ||   134
         Punch             |       |     2 |     2 ||     4
 Invoke: Berserk           |       |       |     4 ||     4
    Use: Potion            |       |       |     3 ||     3
 Armour: Animal skin       |    24 |    21 |    62 ||   107
  Dodge: Dodged            |    17 |    16 |    43 ||    76

Table legend: (Time is in decaauts)
 A = Elapsed time spent in this place.
 B = Non-inter-level travel time spent in this place.
 C = Inter-level travel time spent in this place.
 D = Time resting spent in this place.
 E = Time spent auto-exploring this place.
 F = Levels seen in this place.
 G = Mean time per level.
                   A        B        C        D        E       F      G
               +--------+--------+--------+--------+--------+-----+--------+
         Total |    754 |    700 |     54 |    213 |     78 |   1 |  754.0 |
       Dungeon |    754 |    700 |     54 |    213 |     78 |   1 |  754.0 |
               +--------+--------+--------+--------+--------+-----+--------+

Top non-repeatable levels by time:
       D: 754 daAuts
